Match 28427285
Unlisted

Match 28427285
End
Construct Infanterie Kompanie
Selects Luftwaffe Battlegroup
Selects Luftwaffe Pioneer Support
Fallschirmpioneer Squad Paradrop
MG 42 Machine Gun Team
Grenadier Squad
Construct Panzergrenadier Kompanie
Panzergrenadier Squad
251 Medium Carrier
Medical Station
Pak 40 Anti-tank Gun Team
Pak 40 Anti-tank Gun Team
Selects Stuka Strafing Run
Selects Fallschirmjäger Squad Paradrop
Panzergrenadier Squad
Panzergrenadier Squad
Selects Stuka Loiter
Stuka Loiter
Construct Panzer Kompanie
Panzer IV Medium Tank
Pak 40 Anti-tank Gun Team
Panzer IV Medium Tank
Fallschirmjäger Squad Paradrop
Endless Pera
Bestof
OMJimas
Steven Stone
0
0

Comments sign in to comment!

No comments posted yet!